 Dungeon Crawl Stone Soup version 0.21.1-1-g345015fe64 (webtiles) character file.

605 Lennu the Ruffian (level 7, 0/66 (67) HPs)
             Began as a Troll Fighter on May 23, 2018.
             Was a Believer of Uskayaw.
             Slain by a gnoll
             ... wielding a +0 halberd
              (13 damage)
             ... on level 4 of the Dungeon.
             The game lasted 00:12:36 (2570 turns).

Lennu the Ruffian (Troll Fighter)                   Turns: 2570, Time: 00:12:37

HP:   0/66 (67)     AC:  7    Str: 25    XL:     7   Next: 19%
MP:   6/6           EV: 10    Int:  4    God:    Uskayaw [**....]
Gold: 157           SH:  9    Dex: 11    Spells: 6/6 levels left

rFire    . . .     SeeInvis .     - Unarmed
rCold    + . .     Gourm    +   b - +0 shield
rNeg     + . .     Faith    .   i - +2 robe {rN+}
rPois    .         Spirit   .   (helmet restricted)
rElec    .         Reflect  .   (no cloak)
rCorr    +         Harm     .   (gloves unavailable)
MR       .....                  (boots unavailable)
Stlth    +.........             g - amulet of inaccuracy (curse)
HPRegen  0.61/turn              a - ring of resist corrosion
MPRegen  0.10/turn              (no ring)

@: no status effects
A: large, unfitting armour, claws 3, hooves 2, cold resistance 1, fast
metabolism 3, gourmand, regeneration 1, shaggy fur 1, tough skin 2, evolution 1,
sturdy frame 1
a: Stomp, Line Pass, Renounce Religion


You were on level 4 of the Dungeon.
You worshipped Uskayaw.
Uskayaw was noncommittal.
You were very full.

You visited 1 branch of the dungeon, and saw 4 of its levels.

You collected 157 gold pieces.

Inventory:

Armour
 b - a +0 shield (worn)
 i - a +2 robe of positive energy (worn)
Jewellery
 a - a ring of resist corrosion (left claw)
 g - a cursed amulet of inaccuracy (around neck)
Scrolls
 h - a scroll of teleportation
Comestibles
 c - 2 chunks of flesh
 d - 5 rations


   Skills:
 * Level 3.0 Fighting
 * Level 1.1 Throwing
 * Level 4.2 Dodging
 + Level 0.2 Stealth
 * Level 4.2 Shields
 * Level 4.3 Unarmed Combat
 * Level 0.3 Invocations


You had 6 spell levels left.
You didn't know any spells.

Dungeon Overview and Level Annotations

Branches:
Dungeon (4/15)
 Temple: D:4-7

Altars:
Nemelex Xobeh
Uskayaw


Innate Abilities, Weirdness & Mutations

You are too large for most types of armour.
You have claws for hands.
Your metabolism is lightning-fast.
You like to eat raw meat.
Your natural rate of healing is unusually fast.
You are covered in fur. (AC +1)
You have very tough skin. (AC +2)
You have hoof-like feet.
Your flesh is cold resistant. (rC+)
You evolve.
Your movements are slightly less encumbered by armour. (ER -2)


Message History

The iguana bites you!
* * * LOW HITPOINT WARNING * * *
You aren't carrying any potions.
You closely miss the iguana.
The iguana is severely wounded.
You block the iguana's attack. The gnoll barely misses you.
You barely miss the iguana. Your kick misses the iguana.
The iguana is severely wounded.
You block the iguana's attack. You block the gnoll's attack.
You barely miss the iguana. You kick the iguana.
The iguana is almost dead.
The iguana closely misses you. The gnoll hits you but does no damage.
You barely miss the iguana.
You kill the iguana!
You block the gnoll's attack. The gnoll closely misses you.
You closely miss the gnoll. You kick the gnoll!
The gnoll is heavily wounded.
The gnoll closely misses you.
The gnoll hits you from afar with a halberd!
You die...

#... #...... #..... #...g.
#..g. #.... #...#########
####.>.†.ggg@..+
#......##.###### #.#....##.#
######## #....##.# #......#
#....##.# #.####.#
#....##.#####.#..#.########
#$...'......#.#..#.#.......
##...###....#.#..#.#.......
#.............'.#..#.#.......


You could see 3 gnolls.

Vanquished Creatures
  The ghost of Denreik the Shield-Bearer, an amateur FoFi (D:3)
  A necrophage (D:3)
  A scorpion (D:4)
  Jessica (D:3)
  An iguana (D:4)
  Natasha (thrice) (D:3)
  An orc wizard (D:3)
  A worker ant (D:4)
  7 adders
  5 gnolls
  An ooze (D:3)
  4 worms
  5 dart slugs
  A leopard gecko (D:3)
  2 orcs (D:3)
  5 bats
  6 giant cockroaches
  10 hobgoblins
  10 jackals
  4 quokkas
  9 frilled lizards
  9 goblins
  4 kobolds
  7 rats
99 creatures vanquished.

Notes
Turn   | Place    | Note
-------+----------+-------------------------------------------
     0 | D:1      | Lennu the Troll Fighter began the quest for the Orb.
     0 | D:1      | Reached XP level 1. HP: 22/22 MP: 0/0
   190 | D:1      | Reached XP level 2. HP: 29/29 MP: 1/1
   530 | D:1      | Reached XP level 3. HP: 34/36 MP: 2/2
  1180 | D:2      | Reached XP level 4. HP: 44/44 MP: 3/3
  1743 | D:3      | Noticed a necrophage
  1765 | D:3      | Killed a necrophage
  1765 | D:3      | Reached XP level 5. HP: 40/51 MP: 4/4
  1790 | D:3      | Noticed Jessica
  1795 | D:3      | Killed Jessica
  1828 | D:3      | Reached XP level 6. HP: 18/58 MP: 5/5
  1995 | D:3      | Found a hide-covered altar of Uskayaw.
  2007 | D:3      | Found a sparkling altar of Nemelex Xobeh.
  2013 | D:3      | Became a worshipper of Uskayaw the Reveler
  2027 | D:3      | Noticed Natasha
  2035 | D:3      | Reached * piety under Uskayaw
  2038 | D:3      | Killed Natasha
  2140 | D:3      | Noticed Natasha
  2148 | D:3      | Killed Natasha
  2148 | D:3      | Reached ** piety under Uskayaw
  2207 | D:3      | Noticed Natasha
  2213 | D:3      | Killed Natasha
  2221 | D:3      | Gained mutation: You have large cloven feet. [potion of mutation]
  2221 | D:3      | Gained mutation: You evolve. [potion of mutation]
  2221 | D:3      | Gained mutation: You have hoof-like feet. [potion of mutation]
  2221 | D:3      | Gained mutation: Your flesh is cold resistant. (rC+) [potion of mutation]
  2301 | D:3      | Noticed Denreik's ghost (amateur FoFi)
  2365 | D:3      | Killed Denreik's ghost
  2438 | D:4      | Gained mutation: Your movements are slightly less encumbered by armour. (ER -2) [evolution]
  2470 | D:4      | Reached skill level 1 in Throwing
  2528 | D:4      | Reached XP level 7. HP: 66/66 MP: 6/6
  2543 | D:4      | Reached *** piety under Uskayaw
  2570 | D:4      | Slain by a gnoll

Skill      XL: |  1  2  3  4  5  6  7 |
---------------+----------------------+-----
Dodging        | 3 4 |  4.2
Shields        | 3 4 |  4.2
Unarmed Combat | 3 4 |  4.3
Fighting       | 3 |  3.0
Throwing       | 1 |  1.1
Stealth        | |  0.2
Invocations    | |  0.3

Action                   |  1- 3 |  4- 6 |  7- 9 || total
-------------------------+-------+-------+-------++-------
Melee: Unarmed           |   115 |   209 |    28 ||   352
       Kick              |       |     8 |    13 ||    21
  Use: Scroll            |     4 |     2 |       ||     6
       Potion            |     3 |     3 |       ||     6
 Stab: Sleeping          |     2 |     1 |       ||     3
  Eat: Chunk             |    16 |    13 |       ||    29
Armor: Robe              |    41 |   101 |     7 ||   149
Dodge: Dodged            |    56 |    96 |     9 ||   161
Block: Shield            |    77 |   129 |    14 ||   220
